Map: Thunderbird LE

Players

Dark - Winner!

  • Race: Zerg Zerg
  • Spawn Location: 11:00

Reynor

  • Race: Zerg Zerg
  • Spawn Location: 5:00

Event: 2019 WCS Global FInals

VOD

Have the link to the VOD?

Description

Time

  • Played on: Nov. 2, 2019, 12:11 a.m.
  • Length: 17:41

All games in this series

Show
View Real Time Build Order
Export as new Build Order

Dark Zerg - Winner!

Build Orders: Hatch First, Lurkers, Swarm Host 

Get SALT Encoding   

  12  0:00  Drone  
  13  0:12  Overlord  
  13  0:17  Drone  
  14  0:30  Drone x2  
  16  0:48  Hatchery  
  15  0:51  Drone  
  15  0:54  Drone  
  17  0:58  Drone  
  18  1:08  Extractor  
  17  1:13  Spawning Pool  
  17  1:16  Drone  
  17  1:19  Drone  
  18  1:29  Drone  
  19  1:39  Drone  
  20  1:48  Drone  
  21  1:59  Queen  
  21  2:00  Queen  
  26  2:01  Overlord, Drone  
  26  2:10  Drone  
  26  2:12  Drone, Metabolic Boost  
  28  2:21  Zergling x2  
  28  2:22  Drone  
  30  2:34  Drone, Hatchery  
  30  2:38  Drone  
  31  2:49  Overlord  
  31  2:50  Drone  
  32  2:53  Baneling Nest  
  32  2:55  Drone x2  
  33  3:02  Queen  
  33  3:04  Zergling x2  
  36  3:07  Drone  
  36  3:09  Drone x2  
  36  3:12  Zergling x2  
  40  3:17  Drone x2  
  42  3:22  Drone x2  
  44  3:33  Overlord  
  44  3:35  Overlord  
  44  3:46  Lair  
  44  3:47  Drone x6, Extractor  
  49  3:50  Drone  
  49  3:51  Baneling  
  50  3:57  Drone  
  50  3:58  Drone  
  50  4:00  Queen  
  54  4:05  Overlord  
  54  4:07  Drone  
  55  4:11  Drone  
  55  4:12  Drone x2  
  55  4:14  Evolution Chamber, Drone x2  
  59  4:17  Roach Warren  
  59  4:18  Baneling  
  59  4:19  Drone  
  59  4:22  Drone x2  
  61  4:25  Drone x2  
  61  4:28  Drone  
  61  4:29  Extractor  
  61  4:30  Extractor  
  61  4:31  Drone x2  
  64  4:34  Zergling x2  
  64  4:35  Zergling x2  
  64  4:38  Baneling x2  
  66  4:39  Zergling x2  
  66  4:41  Baneling  
  66  4:42  Zergling x8  
  71  4:47  Overlord  
  71  4:50  Drone  
  71  4:51  Drone  
  71  4:52  Drone  
  73  4:55  Overlord  
  73  4:56  Zerg Missile Weapons Level 1  
  73  5:01  Overlord  
  73  5:03  Overlord  
  73  5:04  Overlord  
  73  5:07  Drone x4  
  73  5:08  Glial Reconstitution  
  73  5:10  Drone  
  73  5:14  Overlord  
  78  5:17  Extractor x2, Pneumatized Carapace  
  78  5:20  Drone, Overseer  
  78  5:21  Overseer  
  77  5:22  Drone x2  
  77  5:24  Drone x3  
  84  5:28  Drone x2  
  84  5:31  Drone x2  
  86  5:36  Overlord  
  86  5:40  Baneling  
  85  5:57  Roach x5  
  85  5:58  Roach  
  85  5:59  Roach x7  
  104  6:09  Infestation Pit, Roach x4  
  111  6:13  Roach  
  111  6:15  Roach  
  111  6:16  Roach  
  117  6:21  Overlord  
  117  6:23  Overlord  
  117  6:24  Spore Crawler  
  116  6:31  Overlord  
  116  6:33  Overlord, Hatchery  
  116  6:36  Overlord  
  115  6:45  Nydus Network  
  114  6:58  Swarm Host x8  
  114  7:00  Swarm Host  
  141  7:02  Drone x5  
  146  7:13  Swarm Host x2  
  146  7:15  Drone x3  
  154  7:16  Drone  
  154  7:19  Zerg Missile Weapons Level 2  
  154  7:22  Spine Crawler  
  155  7:23  Nydus Canal, Spine Crawler  
  155  7:24  Spine Crawler  
  155  7:26  Drone  
  155  7:28  Overlord  
  155  7:29  Overlord  
  154  7:31  Roach x4  
  162  7:38  Spine Crawler  
  162  7:39  Spine Crawler  
  162  7:42  Swarm Host  
  162  7:43  Spine Crawler  
  162  8:00  Drone x3  
  162  8:01  Drone x3  
  162  8:05  Nydus Canal  
  168  8:06  Overlord x2  
  168  8:07  Overlord, Extractor  
  168  8:08  Ravager x5  
  168  8:09  Ravager  
  168  8:10  Extractor  
  168  8:11  Roach x3  
  168  8:12  Roach  
  180  8:20  Spine Crawler x2  
  180  8:23  Spine Crawler  
  177  8:28  Nydus Canal  
  177  8:29  Roach  
  177  8:30  Roach x9  
  191  8:42  Nydus Canal  
  191  8:45  Roach x4  
  199  8:48  Hatchery  
  199  8:50  Hive  
  199  8:53  Extractor  
  197  8:57  Nydus Canal  
  197  8:59  Hydralisk Den  
  196  9:03  Ravager  
  196  9:04  Roach  
  199  9:10  Spine Crawler  
  194  9:19  Roach x3  
  189  9:25  Roach x2  
  189  9:27  Roach x5  
  191  9:31  Roach x2  
  191  9:33  Roach x2  
  191  9:35  Roach  
  191  9:36  Zerg Ground Armor Level 1, Roach  
  193  9:41  Drone x2, Nydus Canal  
  195  9:46  Roach x2  
  195  9:51  Grooved Spines  
  195  9:52  Drone  
  200  9:56  Nydus Canal  
  200  9:57  Overseer  
  200  10:10  Roach  
  200  10:14  Roach x2  
  194  10:18  Roach x9  
  200  10:29  Lurker Den  
  200  10:30  Roach x3  
  200  10:31  Nydus Canal  
  200  10:35  Ravager  
  200  10:41  Roach x2  
  198  10:48  Roach x8  
  196  10:51  Roach  
  196  10:52  Hydralisk x2  
  196  10:54  Hydralisk  
  196  11:03  Overseer  
  196  11:04  Overlord x2  
  196  11:07  Nydus Canal  
  196  11:15  Overlord x2  
  192  11:26  Nydus Canal, Hatchery  
  192  11:30  Hydralisk x3  
  192  11:32  Drone  
  198  11:37  Hydralisk  
  195  11:51  Hydralisk  
  197  11:57  Nydus Canal  
  197  12:00  Lurker x3  
  197  12:01  Adaptive Talons  
  200  12:08  Drone  
  194  12:10  Nydus Canal  
  194  12:14  Lurker x4  
  193  12:24  Nydus Canal  
  193  12:33  Roach x2  
  193  12:34  Roach  
  199  12:38  Nydus Canal  
  191  12:44  Overseer  
  191  12:45  Roach x3  
  191  12:49  Roach x2  
  191  12:50  Roach  
  199  12:55  Roach  
  197  13:03  Roach x3  
  197  13:04  Roach x2  
  198  13:09  Zerg Missile Weapons Level 3  
  198  13:10  Roach  
  198  13:12  Roach x3  
  200  13:14  Roach x2  
  200  13:15  Roach x3  
  200  13:17  Roach  
  199  13:26  Roach  
  198  13:50  Hydralisk  
  200  13:56  Overlord  
  200  14:06  Nydus Canal  
  200  14:07  Roach  
  199  14:13  Overseer  
  199  14:19  Hatchery  
  198  14:31  Roach  
  196  14:41  Hydralisk  
  196  14:42  Hydralisk  
  196  14:43  Roach x2  
  178  14:47  Hydralisk x8  
  178  14:48  Roach  
  165  15:01  Nydus Canal  
  165  15:07  Lurker x2  
  165  15:09  Hydralisk x5  
  171  15:18  Lurker  
  171  15:19  Lurker x4  
  171  15:21  Overseer, Roach  
  172  15:22  Roach x4  
  172  15:23  Roach  
  172  15:24  Roach  
  187  15:33  Roach  
  187  15:34  Overlord, Roach x3  
  194  15:50  Nydus Canal  
  194  16:02  Hydralisk  
  194  16:03  Hydralisk x2  
  200  16:04  Nydus Canal  
  200  16:05  Hatchery  
  200  16:11  Muscular Augments  
  199  16:14  Hatchery  
  198  16:38  Hatchery  
  197  16:45  Hydralisk x2  
  196  16:54  Nydus Canal  
  196  16:55  Roach x2  
  196  17:09  Hydralisk x9  
  200  17:15  Nydus Canal  
Show
View Real Time Build Order
Export as new Build Order

Reynor Zerg 

Build Orders: Hatch First 

Get SALT Encoding   

  12  0:00  Drone  
  13  0:12  Overlord  
  13  0:16  Drone  
  14  0:30  Drone x2  
  16  0:47  Hatchery  
  15  0:51  Drone  
  15  0:54  Drone  
  17  0:57  Drone  
  18  1:08  Extractor  
  17  1:12  Spawning Pool  
  17  1:15  Drone  
  17  1:19  Drone  
  18  1:27  Drone  
  19  1:38  Drone  
  20  1:49  Drone  
  21  1:59  Overlord, Queen x2  
  21  2:00  Zergling x2  
  26  2:09  Drone  
  26  2:10  Drone  
  26  2:11  Metabolic Boost  
  28  2:20  Drone  
  28  2:21  Drone  
  30  2:33  Hatchery  
  30  2:35  Drone  
  30  2:37  Drone  
  30  2:41  Drone  
  32  2:44  Overlord  
  32  2:53  Drone x2  
  34  3:00  Baneling Nest  
  34  3:03  Drone  
  34  3:06  Drone  
  34  3:07  Drone x4  
  34  3:11  Overlord  
  39  3:13  Zergling x2  
  39  3:16  Drone  
  39  3:18  Drone  
  42  3:26  Zergling x2  
  43  3:29  Evolution Chamber, Zergling x2  
  43  3:30  Queen  
  45  3:36  Overlord  
  45  3:38  Drone  
  46  3:42  Drone x3  
  46  3:47  Drone x2  
  46  3:48  Drone x2  
  53  3:49  Drone  
  53  3:51  Drone  
  55  3:57  Zergling x2  
  55  4:00  Zerg Missile Weapons Level 1  
  55  4:01  Drone  
  57  4:05  Zergling x2  
  59  4:10  Zergling x2  
  59  4:13  Drone x4  
  59  4:15  Drone, Lair  
  59  4:16  Drone x2, Extractor  
  65  4:17  Extractor  
  65  4:18  Zergling x4  
  65  4:23  Baneling  
  66  4:24  Overlord, Baneling  
  66  4:30  Overlord  
  66  4:39  Overlord  
  66  4:41  Roach Warren, Drone  
  66  4:44  Drone x8  
  74  4:46  Extractor  
  74  4:47  Overlord, Extractor  
  74  4:48  Drone  
  74  4:49  Drone  
  72  4:56  Drone x3  
  72  4:59  Queen  
  76  5:00  Drone  
  76  5:01  Extractor  
  76  5:03  Drone  
  76  5:04  Drone  
  76  5:05  Pneumatized Carapace  
  78  5:09  Drone  
  78  5:13  Overlord  
  79  5:15  Drone x5, Overseer  
  79  5:16  Drone  
  79  5:21  Zergling x4  
  87  5:22  Overlord  
  87  5:24  Baneling  
  87  5:25  Baneling  
  87  5:38  Overlord  
  87  5:41  Zergling x6  
  87  5:42  Baneling x2  
  89  5:50  Overlord  
  89  5:56  Roach x7, Zerg Missile Weapons Level 2, Glial Reconstitution  
  89  5:57  Queen  
  102  5:58  Overlord  
  102  6:02  Roach x3  
  110  6:07  Overseer  
  110  6:09  Overlord, Overseer  
  110  6:11  Hatchery  
  110  6:13  Drone x4  
  110  6:14  Drone  
  110  6:16  Drone  
  115  6:19  Drone  
  115  6:22  Evolution Chamber  
  119  6:27  Roach  
  119  6:29  Roach x2  
  125  6:35  Roach  
  125  6:38  Roach x2  
  127  6:44  Roach  
  129  6:47  Overlord  
  129  6:48  Roach x4  
  129  6:50  Overlord  
  129  6:51  Drone  
  129  6:53  Overlord  
  138  6:54  Spore Crawler  
  138  6:56  Overlord  
  137  7:02  Overlord  
  137  7:05  Overlord  
  137  7:06  Overlord  
  141  7:08  Roach x3  
  141  7:10  Overlord  
  141  7:14  Roach  
  147  7:15  Ravager x2  
  147  7:16  Ravager x2, Roach  
  147  7:17  Infestation Pit, Roach x4  
  147  7:22  Roach x4  
  166  7:24  Roach x2  
  166  7:25  Roach  
  172  7:30  Ravager  
  179  7:37  Roach x4  
  179  7:40  Ravager  
  179  7:43  Spine Crawler  
  179  7:44  Roach  
  183  7:46  Roach x6  
  183  7:50  Roach x3  
  199  7:57  Evolution Chamber  
  198  7:58  Overlord  
  198  8:01  Queen  
  198  8:03  Roach x3  
  198  8:05  Overlord  
  200  8:09  Hive  
  200  8:15  Overlord  
  200  8:20  Burrow  
  196  8:37  Drone x3  
  189  8:41  Roach x4  
  189  8:42  Roach  
  195  8:51  Tunneling Claws  
  195  8:52  Zerg Ground Armor Level 1  
  195  8:53  Roach x2  
  199  8:56  Overlord  
  199  9:06  Ravager  
  200  9:16  Roach x2  
  191  9:24  Roach x6  
  191  9:26  Roach x2  
  191  9:29  Roach x6  
  195  9:33  Roach x5  
  193  9:40  Zerg Missile Weapons Level 3  
  193  9:42  Roach x25  
  199  9:49  Roach x3  
  199  9:51  Extractor  
  198  10:03  Roach  
  198  10:07  Hatchery  
  197  10:09  Roach  
  193  10:16  Roach x4  
  193  10:17  Roach x5  
  193  10:19  Roach x4  
  197  10:27  Roach  
  199  10:31  Roach  
  195  10:45  Roach x4  
  195  10:48  Roach x4  
  187  10:50  Roach x5  
  187  10:56  Roach x2  
  200  11:11  Drone, Queen  
  196  11:12  Drone x2  
  196  11:14  Roach x2  
  196  11:15  Hatchery  
  199  11:22  Extractor  
  198  11:31  Roach  
  198  11:32  Spine Crawler x2  
  198  11:34  Spine Crawler  
  198  11:37  Hydralisk Den  
  196  11:44  Drone  
  196  11:45  Drone x7  
  196  11:56  Drone x12  
  196  11:58  Roach x2  
  198  12:07  Roach x3  
  195  12:21  Drone  
  196  12:26  Roach x38  
  196  12:27  Overseer, Lurker Den  
  196  12:28  Overseer x2  
  196  12:29  Baneling  
  199  12:30  Baneling  
  196  12:38  Roach x4  
  196  12:41  Roach  
  200  12:46  Hydralisk x2  
  195  12:55  Lair  
  191  13:01  Roach x3  
  191  13:04  Roach Warren  
  108  13:46  Roach x16  
  135  13:54  Lurker x2  
  131  13:56  Roach x3, Ravager  
  131  13:57  Ravager x9  
  131  13:58  Ravager x2  
  131  13:59  Roach x2, Queen  
  144  14:03  Extractor  
  144  14:04  Extractor  
  139  14:12  Roach Warren  
  139  14:13  Roach  
  138  14:24  Roach x8  
  138  14:27  Hatchery  
  119  14:50  Roach Warren  
  119  14:52  Roach x5  
  116  14:53  Roach  
  113  15:02  Roach x3  
  113  15:04  Hatchery  
  113  15:05  Hatchery  
  108  15:41  Hatchery  
  107  15:45  Hatchery  
  106  15:52  Hatchery  
  105  16:02  Ravager x2  
  105  16:03  Ravager x2  
  109  16:16  Drone, Queen  
  112  16:25  Roach x4  
  112  16:27  Drone  
  113  16:39  Drone  
  112  16:44  Roach x4  
  109  16:53  Drone  
  110  16:57  Roach x5  
  110  16:58  Overseer x2  
  108  17:02  Drone, Roach x5  
  108  17:08  Roach x8  
  109  17:13  Drone  
  106  17:21  Drone  
Tags
 
Add a new tag
Caveats
  • Supply blocks, unpowered buildings, or Contaminate may cause inaccurate times.
  • Supply counts are checked every 10 seconds.